 Dungeon Crawl Stone Soup version 0.22.1-2-g9c5b331 (console) character file.

4101 toffzen the Zephyrmancer (level 10, -16/60 HPs)
             Began as a Tengu Air Elementalist on Jan 2, 2019.
             Was a Believer of Sif Muna.
             Hit by a large rock thrown by a cyclops (33 damage)
             ... on level 8 of the Dungeon.
             The game lasted 00:30:54 (10264 turns).

toffzen the Zephyrmancer (Tengu Air Elementalist)  Turns: 10264, Time: 00:30:55

Health: -16/60     AC:  3    Str:  8    XL:     10   Next: 26%
Magic:  16/20      EV: 13    Int: 20    God:    Sif Muna [**....]
Gold:   450        SH:  0    Dex: 14    Spells: 8/21 levels left

rFire    + . .     SeeInvis .   a - +0 scimitar (flame)
rCold    + . .     Gourm    .   (no shield)
rNeg     . . .     Faith    .   v - +0 robe
rPois    +         Spirit   .   (helmet restricted)
rElec    .         Reflect  .   f - scarf {rC+ rF+}
rCorr    .         Harm     .   r - +0 pair of gloves
MR       .....                  (boots unavailable)
Stlth    +++.......             (no amulet)
HPRegen  0.20/turn              q - ring of poison resistance (curse)
MPRegen  0.17/turn              k - ring of stealth

@: divine energy
A: beak, talons 3, able to fly 1
a: Fly, Stop Divine Energy, Renounce Religion


You were on level 8 of the Dungeon.
You worshipped Sif Muna.
Sif Muna was pleased with you.
You were not hungry.

You visited 2 branches of the dungeon, and saw 9 of its levels.

You collected 450 gold pieces.

Inventory:

Hand Weapons
 a - a +0 scimitar of flaming (weapon)
 d - a +0 mace
 u - a +2 hand axe of freezing
 D - a +2 dagger of protection
Missiles
 e - 225 stones (quivered)
 h - 12 tomahawks
Armour
 f - a scarf of resistance (worn)
 r - a +0 pair of gloves (worn)
 v - a +0 robe (worn)
 H - +0 acid dragon scales
Jewellery
 k - a ring of stealth (right hand)
 q - a cursed ring of poison resistance (left hand)
Wands
 F - a wand of disintegration (4)
Scrolls
 g - a scroll of fear
 j - 2 scrolls of amnesia
 l - a scroll of vulnerability {unknown}
 n - 3 scrolls of remove curse
 o - a scroll of enchant armour {unknown}
 t - a scroll of noise {unknown}
 w - a scroll of immolation
 y - a scroll of teleportation
 C - a scroll of enchant weapon {unknown}
 E - a scroll of magic mapping {unknown}
 G - a scroll of blinking {unknown}
Potions
 b - 2 potions of lignification
 i - 2 potions of flight {unknown}
 m - 2 potions of might {unknown}
 p - 3 potions of berserk rage
 s - a potion of heal wounds
 x - 2 potions of brilliance {unknown}
 z - a potion of haste {unknown}
 A - 2 potions of curing {unknown}
 B - a potion of ambrosia {unknown}
 I - a potion of resistance {unknown}
Comestibles
 c - 10 rations


   Skills:
 + Level 5.7 Fighting
 + Level 2.7 Dodging
 - Level 2.0 Stealth
 * Level 6.0 Spellcasting
 - Level 10.7 Conjurations
 - Level 11.3 Air Magic


You had 8 spell levels left.
You knew the following spells:

 Your Spells              Type           Power        Failure   Level  Hunger
a - Shock                 Conj/Air       ####         1%          1    None
b - Static Discharge      Conj/Air       ######..     1%          3    ##.....
c - Airstrike             Air            ######....   1%          4    ####...
d - Lightning Bolt        Conj/Air       ######....   3%          5    #####..

Your spell library contained the following spells:

 Spells                   Type           Power        Failure   Level  Hunger
 Swiftness                Chrm/Air       ####....     1%          2    None


Dungeon Overview and Level Annotations

Branches:
Dungeon (8/15)             Temple (1/1) D:6
   Lair: D:8-11

Altars:
Ashenzari
Cheibriados
Dithmenos
Elyvilon
Fedhas
Gozag
Hepliaklqana
Kikubaaqudgha
Makhleb
Nemelex Xobeh
Okawaru
Ru
Sif Muna
Trog
Uskayaw
Vehumet
Wu Jian
Xom
Yredelemnul
Zin
The Shining One

Shops:
D:7 *

Annotations:
D:6 1 runed door
D:8 3 runed doors


Innate Abilities, Weirdness & Mutations

You have a beak for a mouth.
You have claws for feet.
You can fly.


Message History

The cyclops is too close now for your liking.
Casting: Airstrike (safe; 1% risk of failure)
Confirm with . or Enter, or press ? or * to list all spells.
Okay, then.
Unknown command.
Unknown command.
Unknown command.
Casting: Airstrike (safe; 1% risk of failure)
Confirm with . or Enter, or press ? or * to list all spells.
Aiming: Airstrike (safe; 1% risk of failure)
Press: ? - help, Dir - move target cursor, f - cyclops
Aim: a cyclops The air twists around and strikes the cyclops!
The cyclops is lightly wounded.
The cyclops throws a large rock.
The large rock hits you!!!
Ouch! That really hurt!
* * * LOW HITPOINT WARNING * * *
The cyclops throws a large rock.
The large rock hits you!!
Ouch! That really hurt!
You die...

########
#....@.#
#......#
#......##
#......[###
#.........#
#.........#
#.........#
#..C......#
#........(#
#.........#
#.........#


You could see a cyclops.

Vanquished Creatures
  Harold (D:7)
  Erica (D:8)
  2 hungry ghosts
  An orc warrior (D:7)
  3 sky beasts
  4 ogres
  2 phantoms
  2 centaurs (D:7)
  2 bullfrogs (D:7)
  A wyvern skeleton (D:7)
  A scorpion (D:6)
  4 killer bees (D:8)
  4 crimson imps
  A jelly (D:6)
  3 hounds
  A bullfrog skeleton (D:7)
  6 orc wizards
  6 orc priests
  A centaur skeleton (D:4)
  2 iguanas (D:8)
  6 worker ants
  A hound zombie (D:7)
  A worker ant zombie (D:5)
  4 adders
  2 shadow imps
  2 adder zombies
  An adder skeleton (D:8)
  2 worms (D:2)
  A dart slug (D:1)
  A leopard gecko (D:5)
  24 orcs
  2 ball pythons
  8 giant cockroaches
  7 goblins
  5 hobgoblins
  2 jackals (D:2)
  5 kobolds
  8 quokkas
  4 bats
  5 frilled lizards
  5 rats
144 creatures vanquished.

Vanquished Creatures (others)
  A quokka (D:7)
1 creature vanquished.

Grand Total: 145 creatures vanquished

Notes
Turn   | Place    | Note
-------+----------+-------------------------------------------
     0 | D:1      | toffzen the Tengu Air Elementalist began the quest for the
                  | Orb.
     0 | D:1      | Reached XP level 1. HP: 10/10 MP: 4/4
   457 | D:1      | Reached XP level 2. HP: 15/15 MP: 1/6
  1242 | D:2      | Reached XP level 3. HP: 20/20 MP: 5/7
  1279 | D:2      | Learned a level 3 spell: Static Discharge
  1410 | D:2      | Reached skill level 1 in Fighting
  1903 | D:2      | Found an iron altar of Okawaru.
  2291 | D:3      | Reached XP level 4. HP: 25/25 MP: 6/8
  2370 | D:3      | Reached skill level 5 in Air Magic
  2932 | D:3      | Gained mutation: You can fly. [Tengu growth]
  2932 | D:3      | Reached XP level 5. HP: 29/29 MP: 4/10
  3233 | D:4      | Noticed a hungry ghost
  3253 | D:4      | Killed a hungry ghost
  3253 | D:4      | Reached skill level 6 in Air Magic
  3253 | D:4      | Reached XP level 6. HP: 29/35 MP: 5/11
  3319 | D:4      | Learned a level 4 spell: Airstrike
  3831 | D:4      | Reached skill level 5 in Conjurations
  4111 | D:5      | Entered Level 5 of the Dungeon
  4260 | D:5      | Noticed a sky beast
  4318 | D:5      | Reached XP level 7. HP: 25/40 MP: 2/12
  4580 | D:5      | Found a shattered altar of Ashenzari.
  5120 | D:5      | Reached skill level 7 in Air Magic
  5501 | D:5      | Found a hide-covered altar of Uskayaw.
  5888 | D:6      | Found a glowing golden altar of the Shining One.
  5893 | D:6      | Reached XP level 8. HP: 40/46 MP: 8/14
  5898 | D:6      | Noticed an angel
  5915 | D:6      | Found a basalt altar of Yredelemnul.
  6200 | D:6      | Reached skill level 8 in Air Magic
  7104 | D:6      | Found a runed door.
  7271 | D:6      | Found a staircase to the Ecumenical Temple.
  7280 | Temple   | Entered the Ecumenical Temple
  7343 | Temple   | Became a worshipper of Sif Muna the Loreminder
  7594 | D:7      | Found a white marble altar of Elyvilon.
  7837 | D:7      | Reached skill level 9 in Air Magic
  7954 | D:7      | Reached XP level 9. HP: 40/52 MP: 9/16
  8175 | D:7      | Reached * piety under Sif Muna
  8185 | D:7      | Found a radiant altar of Vehumet.
  8566 | D:7      | Found Ymaa's Assorted Antiques.
  8614 | D:7      | Noticed Harold
  8685 | D:7      | Killed Harold
  8685 | D:7      | Reached skill level 5 in Fighting
  8685 | D:7      | Reached skill level 5 in Spellcasting
  8685 | D:7      | Reached skill level 10 in Air Magic
  9147 | D:8      | Noticed Erica
  9153 | D:8      | Killed Erica
  9153 | D:8      | Reached ** piety under Sif Muna
  9153 | D:8      | Reached skill level 10 in Conjurations
  9153 | D:8      | Reached skill level 11 in Air Magic
  9153 | D:8      | Reached XP level 10. HP: 59/59 MP: 0/19
  9412 | D:8      | Learned a level 5 spell: Lightning Bolt
  9673 | D:8      | Found a runed gate.
  9673 | D:8      | Found a runed gate.
  9676 | D:8      | Noticed a cyan very ugly thing
  9676 | D:8      | Noticed a cyan ugly thing
  9677 | D:8      | Found a runed gate.
  9694 | D:8      | Noticed a green ugly thing
  9887 | D:8      | Noticed a cyclops
 10264 | D:8      | Hit by a large rock thrown by a cyclops

Skill      XL: |  1  2  3  4  5  6  7  8  9 10 |
---------------+-------------------------------+-----
Conjurations   | 2 3 4 5 6 8 10 | 10.7
Fighting       | 1 2 3 4 5 |  5.7
Air Magic      | 5 6 7 9 11 | 11.3
Spellcasting   | 3 4 5 6 |  6.0
Dodging        | |  2.7
Stealth        | |  2.0

Action                   |  1- 3 |  4- 6 |  7- 9 | 10-12 || total
-------------------------+-------+-------+-------+-------++-------
Melee: Mace              |     4 |       |       |       ||     4
       Dagger            |       |     3 |       |       ||     3
       Kick              |       |     1 |     3 |     2 ||     6
       Peck              |       |     1 |     1 |       ||     2
       Hand axe          |       |     1 |       |       ||     1
       Falchion          |       |       |     4 |       ||     4
 Cast: Shock             |    75 |    89 |   157 |    26 ||   347
       Airstrike         |       |       |    26 |     9 ||    35
       Static Discharge  |       |       |     2 |       ||     2
Invok: Divine Energy     |       |       |     1 |       ||     1
 Abil: Fly               |       |       |       |     1 ||     1
Evoke: Wand              |       |       |     5 |     1 ||     6
  Use: Scroll            |     2 |     2 |     7 |       ||    11
       Potion            |       |       |     3 |       ||     3
 Stab: Sleeping          |     1 |       |       |       ||     1
  Eat: Chunk             |     5 |     4 |    10 |     1 ||    20
       Ration            |       |     1 |     3 |     2 ||     6
Armor: Robe              |     9 |     4 |     8 |     3 ||    24
Dodge: Dodged            |    20 |    10 |    24 |    11 ||    65
       Rpst.: Falchion   |       |       |     7 |       ||     7
       Scimitar          |       |       |       |     4 ||     4
